AoeStats
← zaferyavuz12345678910

Fortress

507937973Analyzed
2v2 RM · 12d ago on Sep 20, 2026· 71m 40s· 4 players
Game mode
Random Map
Map size
Normal (6 player)
Population
200
Speed
Normal
Resources
Standard
Victory
Conquest
Starting age
Dark Age
Ending age
Imperial Age
RankedLock teamsTeams togetherTeam positionsShared explorationLock speedFull tech treeHidden civsTurbo modeCheats
Victory
Defeat
🇫🇷 Cumans · France
673
+9
🇷🇺 Franks · Russia
622
+11
🇹🇷 Cumans · Türkiye
617
-13
🇺🇸 Tupi · United States
408
-7
Sir_HotBoi
7:20 Feudal Age
5:39 Loom
7:40 Feudal Age
8:39 Champi Runner
9:06 Arson
12:35 Horse Collar
12:46 Double-Bit Axe
17:28 Castle Age
16:03 Fletching
16:15 Padded Archer Armor
17:41 Elite Skirmisher
17:44 Champi Warrior
18:27 Squires
18:56 Crossbowman
21:34 Forging
24:50 Bodkin Arrow
27:23 Bow Saw
29:12 Leather Archer Armor
32:30 Imperial Age
31:05 Heavy Plow
32:57 Wheelbarrow
zaferyavuz12345678910
7:05 Feudal Age
12:00 Double-Bit Axe
12:36 Horse Collar
13:23 Gold Mining
18:24 Wheelbarrow
20:35 Castle Age
18:55 Bloodlines
21:41 Pikeman
22:22 Squires
21:47 Elite Skirmisher
22:33 Padded Archer Armor
22:24 Fletching
27:55 Imperial Age
26:13 Crossbowman
28:05 Thumb Ring
30:12 Ballistics
30:27 Conscription
30:44 Capped Ram
31:49 Hand Cart
32:03 Halberdier
34:51 Cuman Mercenaries
38:11 Chemistry
37:58 Leather Archer Armor
37:38 Bodkin Arrow
38:15 Heavy Plow
38:27 Bow Saw
38:18 Stone Mining
39:04 Gold Shaft Mining
40:07 Ring Archer Armor
42:05 Forging
43:21 Parthian Tactics
42:17 Heavy Cavalry Archer
42:24 Elite Kipchak
43:41 Heavy Cavalry Archer
52:58 Siege Ram
vinogradov
5:02 Loom
8:16 Feudal Age
13:56 Castle Age
13:39 Gold Mining
13:43 Stone Mining
13:42 Double-Bit Axe
15:02 Wheelbarrow
18:14 Herbal Medicine
19:28 Husbandry
24:24 Hand Cart
23:56 Town Watch
25:21 Bow Saw
31:50 Scale Barding Armor
31:46 Scale Mail Armor
31:57 Forging
31:39 Fletching
31:50 Padded Archer Armor
35:02 Imperial Age
32:33 Town Patrol
35:59 Chain Barding Armor
35:54 Chain Mail Armor
36:15 Iron Casting
35:36 Bodkin Arrow
36:24 Cavalier
39:33 Gold Shaft Mining
39:36 Chivalry
46:12 #83
46:46 Paladin
51:43 Chemistry
50:54 Masonry
50:40 Murder Holes
51:07 Ballistics
50:38 Guard Tower
50:33 Arrowslits
54:23 Coinage
59:12 Architecture
58:52 Fortified Wall
63:16 Banking
62:49 Caravan
Super ElNINIO
7:53 Feudal Age
7:06 Loom
8:36 Double-Bit Axe
12:53 Horse Collar
13:27 Scale Barding Armor
18:33 Fletching
20:32 Bloodlines
25:32 Castle Age
23:21 Town Watch
25:18 Wheelbarrow
24:58 Forging
24:51 Padded Archer Armor
24:48 Gold Mining
24:49 Stone Mining
26:36 Chain Barding Armor
26:27 Capped Ram
26:38 Crossbowman
29:08 Ballistics
28:59 Thumb Ring
30:47 Bodkin Arrow
31:13 Bow Saw
32:28 Gold Shaft Mining
32:45 Steppe Husbandry
33:45 Town Patrol
36:31 Iron Casting
41:03 Imperial Age
38:41 Heated Shot
38:47 Murder Holes
39:04 Masonry
40:24 Hand Cart
40:39 Leather Archer Armor
40:25 Scale Mail Armor
41:12 Siege Ram
43:19 Chemistry
43:46 Conscription
43:28 Cavalier
45:01 Paladin
49:40 Ring Archer Armor
50:13 Blast Furnace
61:35 Plate Barding Armor
69:00 Coinage
Connection lost

Rejoining the realm…

Still unreachable

The connection could not be restored.

Session expired

The server has moved on; the page needs a fresh start.